 Dungeon Crawl Stone Soup version 0.24.1 (webtiles) character file.

Game seed: 1529451731632866364, levelgen mode: deterministic

16 MajorAdolf the Stinger (level 2, 21/22 HPs)
             Began as a Naga Wanderer on Mar 14, 2020.
             Quit the game on level 1 of the Dungeon on Mar 27, 2020.
             The game lasted 00:02:14 (581 turns).

MajorAdolf the Stinger (Naga Wanderer)               Turns: 581, Time: 00:02:15

Health: 21/22      AC:  1    Str: 14    XL:     2   Next: 58%
Magic:  2/2        EV:  6    Int: 15    God:
Gold:   50         SH:  7    Dex:  7    Spells: 1/1 levels left

rFire    . . .     SeeInvis +   e - +0 dagger (protect)
rCold    . . .     Gourm    .   d - +0 shield
rNeg     . . .     Faith    .   c - +0 robe
rPois    +         Spirit   .   (no helmet)
rElec    .         Reflect  .   (no cloak)
rCorr    .         Harm     .   (no gloves)
MR       .....                  (no barding)
Stlth    ++........             (no amulet)
HPRegen  0.07/turn              (no ring)
MPRegen  0.08/turn              (no ring)

@: short of breath, very slow
A: large, see invisible, deformed body, poison resistance, slowness 2, slow
metabolism 1, spit poison 1, AC +0
a: Spit Poison


You were on level 1 of the Dungeon.
You were not hungry.

You visited 1 branch of the dungeon, and saw 1 of its levels.

You collected 50 gold pieces.

Inventory:

Hand Weapons
 e - a +0 dagger of protection (weapon)
Armour
 c - a +0 robe (worn)
 d - a +0 shield (worn)
Scrolls
 a - a scroll of remove curse {unknown}
 b - a scroll of enchant weapon {unknown}
 i - 2 scrolls of teleportation {unknown}
Potions
 h - a potion of ambrosia {unknown}
Comestibles
 f - 2 rations
 g - a chunk of flesh


   Skills:
 - Level 1.0 Throwing
 + Level 3.6 Stealth
 - Level 1.0 Shields
   Level 2.0 Conjurations
   Level 3.0 Fire Magic
   Level 4.0 Poison Magic


You had one spell level left.
You didn't know any spells.
Your spell library contained the following spells:

 Spells                   Type           Power        Failure   Level  Hunger
 Searing Ray              Conj           #.....       69%         2    ###....
 Throw Frost              Conj/Ice       #.....       83%         2    ###....


Dungeon Overview and Level Annotations

Branches:
Dungeon (1/15)

Altars:


Innate Abilities, Weirdness & Mutations

You cannot wear boots.
Your serpentine skin is tough. (AC +0)
You have supernaturally acute eyesight. (SInv)
Armour fits poorly on your strangely shaped body.
Your system is resistant to poisons. (rPois)
You cover ground very slowly.
You have a slow metabolism.
You can spit poison.


Message History

You can't do that yet.
Unknown command.
You have got your breath back.
You block the bat's attack.
Press: ? - help, Shift-Dir - straight line, f/p - bat
Aim: a bat The splash of poison hits the bat.
The bat is poisoned.
The bat is heavily wounded.
You feel slightly more hungry. You block the bat's attack. The bat hits you.
You kill the bat!
Unknown command.
Unknown command.
Assign waypoint to what number? (0-9)
Okay, then.
Welcome back, MajorAdolf the Naga Wanderer.
Press ? for a list of commands and other information.
Quiver which item? (- for none, * to show all) (? for menu, Esc to quit)
Okay, then.
Are you sure you want to abandon this character and quit the game? (Confirm with "yes".)

#.... ## ###....#####
..## ##..........#####
.... ##...............#
#.# #..........##....#
#.#
#..........####..###.##
#>........÷#####...#.#.
#......................
#.....@....##.#####...÷
##........### .. ####.
#........(.# ..# #.
#..........# .# #.
#..........# # #.
#..........# ### #.
#..........# ...###
##........## . #....
##........# ...##...


There were no monsters in sight!

Vanquished Creatures
  A dart slug (D:1)
  A leopard gecko (D:1)
  A ball python (D:1)
  A bat (D:1)
  2 giant cockroaches (D:1)
  3 kobolds (D:1)
  A frilled lizard (D:1)
  A goblin (D:1)
  2 rats (D:1)
13 creatures vanquished.

Notes
Turn   | Place    | Note
-------+----------+-------------------------------------------
     0 | D:1      | MajorAdolf the Naga Wanderer began the quest for the Orb.
     0 | D:1      | MajorAdolf set off with the following items: a +0 club, a
                  | +0 robe, a +0 shield, a ration; and the following spells
                  | available to memorise: Searing Ray, Throw Frost
     0 | D:1      | Reached XP level 1. HP: 15/15 MP: 1/1
    52 | D:1      | Reached skill level 1 in Stealth
    94 | D:1      | Reached XP level 2. HP: 22/22 MP: 2/2
   581 | D:1      | Upgraded the game from 0.24.0-125-gc4c63601f3 to 0.24.1
   581 | D:1      | Quit the game

Levels and vault maps discovered:
D:1:      wander_arrival_lonely_grave, layout_rooms, minmay_heptomino_h4

Skill      XL: |  1  2 |
---------------+-------+-----
Stealth        | 2 3 |  3.6
Throwing       | |  1.0
Shields        | |  1.0
Conjurations   | |  2.0
Fire Magic     | |  3.0
Poison Magic   | |  4.0

Action                   || total
-------------------------++-------
Melee: Dagger            ||    44
 Abil: Spit Poison       ||    11
Armor: Robe              ||    22
Dodge: Dodged            ||    19
Block: Shield            ||    14
